 Dungeon Crawl Stone Soup version 0.31.0-32-g396128a36d (webtiles) character file.

Game seed: 5831329074749688125

43 Peloso the Trooper (level 3, 33/33 HPs)
             Began as a Minotaur Fighter on Mar 28, 2024.
             Got out of the dungeon alive.
             The game lasted 00:02:11 (830 turns).

Peloso the Trooper (Minotaur Fighter)                Turns: 830, Time: 00:02:11

Health: 33/33      AC:  7    Str: 20    XL:     3   Next: 37%
Magic:  2/2        EV:  9    Int:  5    God:
Gold:   26         SH:  4    Dex: 11    Spells: 2/2 levels left

rFire   + . .        a - +0 long sword
rCold   + . .        c - +0 buckler
rNeg    . . .        b - +0 scale mail
rPois   +            (helmet restricted)
rElec   +            (no cloak)
rCorr   +            (no gloves)
SInv    .            (no boots)
Will    .....        (no amulet) Stlth
                     (no ring)
HPRegen 0.25/turn    (no ring)
MPRegen 0.08/turn

%: no passive effects
@: resistant, hasted, very quick
A: horns 2, retaliatory headbutt, hooves 1
a: no special abilities


You escaped.
You visited 1 branch of the dungeon, and saw 1 of its levels.

You collected 26 gold pieces.

Inventory:

Hand Weapons
 a - a +0 long sword (weapon)
Armour
 b - a +0 scale mail (worn)
 c - a +0 buckler (worn)
Jewellery
 j - a ring of magical power
Scrolls
 e - 2 scrolls of teleportation
Potions
 d - a potion of might
 f - a potion of haste


   Skills:
 + Level 4.2 Fighting
 + Level 2.8 Long Blades
 + Level 4.2 Armour
 + Level 4.1 Shields


You had 2 spell levels left.
You didn't know any spells.
Your spell library was empty.

Dungeon Overview and Level Annotations

Branches:
Dungeon (1/15)

Altars:


Innate Abilities, Weirdness & Mutations

You have a pair of horns on your head.
You reflexively headbutt those who attack you in melee.
You have large cloven feet.


Message History

You barely miss the jackal. Your headbutt misses the jackal.
The jackal is severely wounded.
You block the jackal's attack.
You closely miss the jackal. You headbutt the jackal.
You kill the jackal!
You block the jackal's attack.
You slash the jackal!
You kill the jackal!
The jackal barely misses you.
You slash the jackal!
You kill the jackal!
Things that are here:
a jackal corpse; a jackal corpse
Things that are here:
a jackal corpse; a jackal corpse You see here a jackal corpse.
You see here a +0 club.
Found an escape hatch in the floor.
There is an escape hatch in the floor here.
You see here a +0 club.
Done exploring.
Done exploring.
Key pressed, stopping explore.
Done exploring.
As you read the scroll labelled YTHUDA NAQA, it crumbles to dust.
You feel strangely unstable.
It was a scroll of teleportation.
The air fills with toxic fumes!
As you read the scroll labelled CUT MOIKHLOXIH, it crumbles to dust.
It was a scroll of poison.
It was a potion of haste.
You feel yourself speed up.
It was a potion of resistance.
You feel protected.
It was a potion of mutation.
You feel extremely strange.
Your feet thicken and deform.
Your surroundings suddenly seem different.
What level of the Dungeon? (default 1, ? - help)
There is an open door, spattered with blood here.
There is an open door here.
There is a staircase leading out of the dungeon here.
You have escaped!

.........##..........########.#.#
.........##..........# #.#.#
#........##..........# #.#.#
###################### ###.#.#
#### ###### #.#.... ...####
####PPPP#########...### ......#
#......##....§..'...#
##+##.#####....###....§§§.#§..###
.........##...##@.....§§§.+......
.....###.......###....§§§.#§...##
.....# ###......§##.......+....#
##'### ##.##PPPP#########....#
...## ####......## #.#..# ....#
#.........## ###..# ....#
#..........#### #..# ....#
#.............# #..# ....#
#.........###.#########.#


There were no monsters in sight!

Vanquished Creatures
  A dart slug (D:1)
  2 bats (D:1)
  3 endoplasms (D:1)
  2 giant cockroaches (D:1)
  2 goblins (D:1)
  2 hobgoblins (D:1)
  13 jackals (D:1)
  A quokka (D:1)
  3 ball pythons (D:1)
  A kobold (D:1)
  3 rats (D:1)
33 creatures vanquished.

Notes
Turn   | Place    | Note
-------+----------+-------------------------------------------
     0 | D:1      | Peloso the Minotaur Fighter began the quest for the Orb.
     0 | D:1      | Reached XP level 1. HP: 19/19 MP: 0/0
   134 | D:1      | Reached XP level 2. HP: 26/27 MP: 1/1
   440 | D:1      | Reached XP level 3. HP: 29/33 MP: 2/2
   790 | D:1      | Gained mutation: You have large cloven feet. [potion of
                  | mutation]
   830 | D:$      | Got out of the dungeon alive.

Illustrated notes

Levels and vault maps discovered:
D:1:      roadster_arrival_rocket_small, layout_basic

Skill      XL: |  1  2 |
---------------+-------+-----
Armour         | 4 |  4.2
Fighting       | 4 |  4.2
Shields        | 4 |  4.1
Long Blades    | |  2.8

Action                     || total
---------------------------++-------
  Melee: Long sword        ||    73
         Headbutt          ||    10
    Use: Potion            ||     3
         Scroll            ||     2
 Armour: Scale mail        ||    56
  Dodge: Dodged            ||    40
  Block: Buckler           ||    19
